 Dungeon Crawl Stone Soup version 0.23-a0-650-ga4d50d4 (webtiles) character file.

362 MalarOregon the Ducker (level 6, 0/47 HPs)
             Began as a Merfolk Ice Elementalist on Jan 6, 2019.
             Slain by a bullfrog (2 damage)
             ... in a sewer.
             The game lasted 00:12:10 (3629 turns).

MalarOregon the Ducker (Merfolk Ice Elementalist)   Turns: 3629, Time: 00:12:11

Health: 0/47       AC: 10    Str:  9    XL:     6   Next: 66%
Magic:  4/11       EV: 14    Int: 16    God:
Gold:   158        SH:  0    Dex: 14    Spells: 6/12 levels left

rFire    x . .     SeeInvis .   i - +3 dagger (flame)
rCold    + . .     Gourm    .   (no shield)
rNeg     . . .     Faith    .   b - +0 troll leather armour {Purgy}
rPois    .         Spirit   .   (no helmet)
rElec    .         Reflect  .   (no cloak)
rCorr    .         Harm     .   (no gloves)
MR       .....                  (boots currently unavailable)
Stlth    +++.......             n - amulet of regeneration
HPRegen  0.95/turn              d - ring of ice
MPRegen  0.12/turn              (no ring)

@: lethally poisoned (0 -> -1), icy armour, about to teleport, very slightly
contaminated, constricted, very quick
A: change form in water, swift swim, stealthy swim
a: no special abilities


You were in a sewer.
You were not hungry.

You visited 1 branch of the dungeon, and saw 3 of its levels.
You also visited: Sewer.

You collected 158 gold pieces.

Inventory:

Hand Weapons
 i - a +3 dagger of flaming (weapon)
   (You took it off Robin on level 3 of the Dungeon)
 l - a +0 halberd
   (You took it off a gnoll on level 3 of the Dungeon)
 r - a +0 spear
   (You took it off a gnoll on level 3 of the Dungeon)
Missiles
 q - 5 curare-tipped needles {!f}
Armour
 a - a +1 helmet
   (You took it off Robin on level 3 of the Dungeon)
 b - a +0 troll leather armour (worn) {Purgy}
   (You found it on level 3 of the Dungeon)
Jewellery
 d - a ring of ice (left hand)
   (You found it on level 1 of the Dungeon)
 n - an amulet of regeneration (around neck)
   (You found it on level 2 of the Dungeon)
Wands
 v - a wand of digging (11)
   (You found it on level 2 of the Dungeon)
Scrolls
 c - 4 scrolls of identify {@r1}
 k - a scroll of teleportation {@r4}
 o - a scroll of enchant weapon
 u - a scroll of fear {unknown}
 w - 2 scrolls of blinking
Potions
 f - a potion of cancellation
 g - 2 potions of heal wounds {unknown}
 h - a potion of curing {unknown}
 m - a potion of lignification {!q}
 p - a potion of mutation {unknown}
 s - 2 potions of might
 t - a potion of brilliance
Comestibles
 e - 5 rations {!d}
 j - 25 chunks of flesh


   Skills:
 + Level 3.2 Fighting
 + Level 5.0 Dodging
 - Level 2.1 Stealth
 + Level 3.5 Spellcasting
 - Level 0.7 Conjurations
 + Level 4.9 Ice Magic


You had 6 spell levels left.
You knew the following spells:

 Your Spells              Type           Power        Failure   Level  Hunger
a - Freeze                Ice            ####         3%          1    None
b - Ozocubu's Armour      Chrm/Ice       ###.....     26%         3    ###....
x - Throw Frost           Conj/Ice       ###...       12%         2    ##.....

Your spell library contained the following spells:

 Spells                   Type           Power        Failure   Level  Hunger
 Throw Icicle             Conj/Ice       ###.....     61%         4    ####...
 Summon Ice Beast         Ice/Summ       ###.....     65%         4    ####...


Dungeon Overview and Level Annotations

Branches:
Dungeon (3/15)

Altars:
Cheibriados


Message History

The ball python closely misses you. The ball python bites you.
* * * LOW HITPOINT WARNING * * *
The ball python constricts you. The adder closely misses you.
The adder bites you.
* * * LOW HITPOINT WARNING * * *
The bullfrog misses you.
As you read the scroll of teleportation {@r4}, it crumbles to dust.
You feel strangely unstable.
You feel sick. The adder bites you.
* * * LOW HITPOINT WARNING * * *
The adder barely misses you. The bullfrog hits you.
* * * LOW HITPOINT WARNING * * *
The ball python bites you but does no damage.
The bullfrog barely misses you. The adder bites you but does no damage.
The adder barely misses you. The ball python closely misses you.
The ball python constricts you. The adder barely misses you. x2
The bullfrog misses you.
Unknown command.
Aim: an adder (severely wounded)
Okay, then.
You feel a surge of power!
You miscast Ozocubu's Armour.
You are very lightly contaminated with residual magic.
Your hands glow momentarily.
You feel sick. The bullfrog barely misses you.
The ball python bites you but does no damage.
The adder bites you but does no damage. x2; The bullfrog hits you.
* * * LOW HITPOINT WARNING * * *
The adder bites you but does no damage. The adder bites you.
* * * LOW HITPOINT WARNING * * *
The ball python closely misses you.
* * * LOW HITPOINT WARNING * * *
The ball python constricts you. The bullfrog closely misses you.
You feel a surge of power! A film of ice covers your body!
You feel sick. The adder bites you but does no damage.
The ball python closely misses you. The bullfrog barely misses you.
The adder barely misses you. The adder bites you.
* * * LOW HITPOINT WARNING * * *
You are more poisoned.
The adder poisons you! The adder bites you but does no damage.
The ball python misses you. The ball python constricts you.
The bullfrog hits you but does no damage.
The bullfrog misses you. The adder bites you but does no damage.
The ball python misses you.
Unknown command.
Aim: an adder (severely wounded)
You feel a surge of power!
You freeze the adder.
You feel sick. The adder closely misses you. The adder misses you.
The adder bites you but does no damage. The bullfrog hits you!
* * * LOW HITPOINT WARNING * * *
The ball python closely misses you. The ball python constricts you.
The bullfrog hits you.
You die...

#≈≈≈≈≈≈#
#≈≈≈≈≈≈
#≈≈≈≈≈≈#
##..≈.#
#≈≈≈≈≈≈#
#≈.(.≈.
#≈.≈≈≈≈#
##≈.≈.≈
#≈.≈≈≈≈#
#≈≈≈≈≈≈
#≈≈≈≈≈≈#
#≈≈≈≈≈≈
#≈≈≈≈≈≈#
#≈≈≈≈≈≈
#≈FFS≈≈#
#≈≈≈≈≈≈
#≈S@S≈≈#
#≈≈≈≈≈≈
#≈SSS≈≈#
#≈≈≈≈≈≈
#≈≈≈≈≈≈#
#≈≈≈≈≈≈
#....≈##
##..≈≈.
#......
#......
#......#
##.....
#......+
#.....
##....##
##....
##...


You could see 2 bullfrogs, 4 adders and 2 ball pythons.

Vanquished Creatures
  Purgy (D:3)
  Robin (D:3)
  3 gnolls (D:3)
  A river rat (Sewer)
  10 adders
  2 worms (D:3)
  2 dart slugs
  5 bats
  5 giant cockroaches
  23 goblins
  10 hobgoblins
  6 jackals
  2 quokkas
  8 ball pythons
  5 frilled lizards
  11 kobolds
  36 rats
131 creatures vanquished.

Notes
Turn   | Place    | Note
-------+----------+-------------------------------------------
     0 | D:1      | MalarOregon the Merfolk Ice Elementalist began the quest
                  | for the Orb.
     0 | D:1      | Reached XP level 1. HP: 13/13 MP: 3/3
   276 | D:1      | Reached skill level 3 in Dodging
   276 | D:1      | Reached XP level 2. HP: 12/20 MP: 1/5
   525 | D:1      | Learned a level 2 spell: Throw Frost
   763 | D:1      | Reached skill level 1 in Fighting
   830 | D:1      | Reached XP level 3. HP: 6/26 MP: 0/6
  1925 | D:2      | Reached XP level 4. HP: 32/32 MP: 0/7
  2620 | D:2      | Learned a level 3 spell: Ozocubu's Armour
  3022 | D:3      | Reached skill level 4 in Dodging
  3033 | D:3      | Reached XP level 5. HP: 29/38 MP: 1/9
  3048 | D:3      | Noticed Purgy
  3126 | D:3      | Killed Purgy
  3228 | D:3      | Noticed Robin
  3239 | D:3      | Killed Robin
  3239 | D:3      | Reached XP level 6. HP: 38/46 MP: 1/10
  3314 | D:3      | Found a snail-covered altar of Cheibriados.
  3364 | D:3      | Found a glowing drain.
  3391 | Sewer    | Entered a sewer
  3564 | Sewer    | Reached skill level 5 in Dodging
  3629 | Sewer    | HP: 2/47 [bullfrog (8)]
  3629 | Sewer    | Slain by a bullfrog

Vault maps used:
D:1:      lightli_arrival_boilingwater
D:2:      first_ration, corexii_shack
D:3:      cheibriados_altar_1, overflow_temple_1_default,
          nicolae_qazlal_general_emergency, cheibrodos_sewer_entry_bend,
          minmay_misc_feat_columns, uniq_grinder, uniq_purgy, uniq_sigmund,
          uniq_robin
Sewer:    sewer_minmay_w

Skill      XL: |  1  2  3  4  5  6 |
---------------+-------------------+-----
Dodging        | 3 4 5 |  5.0
Fighting       | 1 2 3 |  3.2
Ice Magic      | 4 |  4.9
Spellcasting   | 3 |  3.5
Stealth        | |  2.1
Conjurations   | |  0.7

Action                   |  1- 3 |  4- 6 || total
-------------------------+-------+-------++-------
Melee: Dagger            |    44 |   255 ||   299
       Unarmed           |     2 |       ||     2
       Tailslap          |       |     5 ||     5
 Cast: Freeze            |    26 |    28 ||    54
       Throw Frost       |    12 |    22 ||    34
       Ozocubu's Armour  |       |     3 ||     3
  Use: Potion            |     5 |       ||     5
       Scroll            |     1 |     5 ||     6
 Stab: Sleeping          |     4 |     5 ||     9
  Eat: Chunk             |     4 |     8 ||    12
Armor: Robe              |    17 |    53 ||    70
       Troll leather arm |       |    99 ||    99
Dodge: Dodged            |    55 |   453 ||   508

Table legend:
 A = Non-vault XP
 B = Vault XP
 C = Vault XP percentage of total XP
 D = Non-vault monster count
 E = Vault monster count
 F = Vault count percentage of total count
                 A         B        C        D         E       F
            +---------+---------+-------+---------+---------+-------
      Total |     224 |     294 |  56.8 |      75 |      56 |  42.7
            +---------+---------+-------+---------+---------+-------
        D:1 |      54 |       0 |   0.0 |      25 |       0 |   0.0
        D:2 |      95 |       2 |   2.1 |      30 |       1 |   3.2
        D:3 |      75 |     175 |  70.0 |      20 |      15 |  42.9
      Sewer |       0 |     117 | 100.0 |       0 |      40 | 100.0
            +---------+---------+-------+---------+---------+-------
